 Dungeon Crawl Stone Soup version 0.28.0-49-g6dfe1f597d (webtiles) character file.

Game seed: 6446671533997713445

70285 Kaptain the Geomancer (level 15, 0/97 HPs)
             Began as a Gargoyle Earth Elementalist on May 12, 2022.
             Slain by a naga warrior
             ... wielding a +0 flail
              (12 damage)
             ... on level 1 of the Snake Pit.
             The game lasted 00:56:30 (32062 turns).

Kaptain the Geomancer (GrEE)                       Turns: 32062, Time: 00:56:30

Health: 0/97       AC: 29    Str: 12    XL:     15   Next: 32%
Magic:  17/38      EV: 10    Int: 23    God:
Gold:   1423       SH:  5    Dex: 13    Spells: 19/35 levels left

rFire   + + +      SeeInvis .   A - +3 Elemental Staff {rElec rF++ rC++ AC+5}
rCold   + + .      Faith    .   r - +0 buckler {rN+}
rNeg    + + .      Spirit   .   m - +2 robe {Will+}
rPois   ∞          Reflect  .   L - +0 helmet
rElec   +          Harm     .   q - +0 cloak
rCorr   +          Rampage  +   n - +2 pair of gloves {Stlth+}
Will    ++...                   H - +1 pair of boots {rampage}
Stlth   ++++......              S - amulet of regeneration
HPRegen 1.06/turn               Q - ring of the Lion {rPois rF+ rCorr Dex+3}
MPRegen 0.26/turn               B - ring of magical power

@: flying, constricted
A: sickness immunity, AC +11, big wings, negative energy resistance 1,
electricity resistance, torment resistance 1, petrification resistance
a: no special abilities


You were on level 1 of the Snake Pit.
You visited 5 branches of the dungeon, and saw 24 of its levels.

You collected 1756 gold pieces.
You spent 333 gold pieces at shops.

Inventory:

Hand Weapons
 f - the +10 trident "Zuesuuxi" {vorpal, Str+2}
   (You found it on level 5 of the Dungeon)

   It inflicts extra damage upon your enemies.
   Str:       It affects your strength (+2).
 A - the +3 Elemental Staff (weapon) {rElec rF++ rC++ AC+5}
   (You took it off a deep elf pyromancer on level 8 of the Dungeon)

   If the wielder is skilled in Evocations, they can discharge powerful blasts
   of elemental energy when striking with it.
   It enhances your fire, ice, earth and air magic.
   AC:        It affects your AC (+5).
   rF:        It greatly protects you from fire.
   rC:        It greatly protects you from cold.
   rElec:     It insulates you from electricity.
Missiles
 c - 479 stones
 K - a throwing net
Armour
 a - a +2 leather armour of poison resistance
 m - a +2 robe of willpower (worn)
 n - a +2 pair of gloves of stealth (worn)
 q - a +0 cloak (worn)
 r - a +0 buckler of positive energy (worn)
 t - a +0 leather armour of willpower
 y - the +0 robe of the Gardener {rN+ Str+2}
   (You found it on level 8 of the Dungeon)

   Str:       It affects your strength (+2).
   rN:        It protects you from negative energy.
 H - a +1 pair of boots of rampaging (worn)
 L - a +0 helmet (worn)
 V - +0 steam dragon scales
Jewellery
 j - a ring of ice
 x - a ring of positive energy
 B - a ring of magical power (right hand)
 Q - the ring of the Lion (left hand) {rPois rF+ rCorr Dex+3}
   (You found it on level 6 of the Lair of Beasts)

   [ring of resist corrosion]

   Dex:       It affects your dexterity (+3).
   rF:        It protects you from fire.
   rPois:     It protects you from poison.
   rCorr:     It protects you from acid and corrosion.
 S - an amulet of regeneration (around neck)
 T - an amulet of the acrobat
 U - a ring of willpower
Wands
 b - a wand of paralysis (13)
 o - a wand of polymorph (16)
 u - a wand of iceblast (16)
 z - a wand of acid (1)
 I - a wand of flame (2)
 R - a wand of charming (2)
Scrolls
 e - 3 scrolls of enchant armour
 w - 5 scrolls of amnesia
 C - 5 scrolls of identify
 F - 2 scrolls of immolation
 M - a scroll of enchant weapon
Potions
 g - a potion of magic
 h - a potion of curing
 i - 2 potions of ambrosia
 k - a potion of mutation
 p - 2 potions of lignification
 s - 3 potions of cancellation
 v - 3 potions of resistance
 D - a potion of might
 E - a potion of flight
Miscellaneous
 l - a phantom mirror
 P - a tin of tremorstones (2/2)


   Skills:
 * Level 12.5 Fighting
 + Level 7.5 Staves
 + Level 9.0 Armour
 - Level 4.1 Dodging
 - Level 5.0 Stealth
 - Level 5.0 Shields
 * Level 10.9 Spellcasting
 * Level 12.5 Conjurations
 - Level 0.7 Transmutations
 * Level 14.0 Earth Magic
 - Level 5.0 Evocations


You had 19 spell levels left.
You knew the following spells:

 Your Spells              Type           Power      Damage    Failure   Level
a - Sandblast             Erth           100%       2d20      1%          1
b - Stone Arrow           Conj/Erth      100%       3d13      1%          3
c - Sticky Flame          Conj/Fire      58%        2d7       4%          4
d - Fulminant Prism       Conj/Hex       20%        3d13      4%          4
e - Iskenderun's Mystic   Conj/Tloc      41%        2d9       4%          4

Your spell library contained the following spells:

 Spells                   Type           Power      Damage    Failure   Level
 Magic Dart               Conj           100%       1d8       1%          1
 Passwall                 Tmut/Erth      52%        N/A       1%          2
 Searing Ray              Conj           100%       2d8       1%          2
 Static Discharge         Conj/Air       58%        N/A       1%          2
 Dazzling Flash           Conj/Hex       82%        N/A       1%          3
 Leda's Liquefaction      Hex/Erth       30%        N/A       3%          4
 Petrify                  Tmut/Erth      63%        N/A       3%          4
 Hailstorm                Conj/Ice       58%        3d13      4%          4
 Animate Skeleton         Necr           24%        N/A       7%          1
 Apportation              Tloc           24%        N/A       7%          1
 Summon Small Mammal      Summ           48%        N/A       7%          1
 Irradiate                Conj/Tmut      21%        3d20      12%         5
 Lightning Bolt           Conj/Air       29%        1d45      14%         5
 Call Canine Familiar     Summ           12%        N/A       21%         3
 Portal Projectile        Hex/Tloc       24%        N/A       21%         3
 Ice Form                 Ice/Tmut       21%        N/A       50%         4
 Airstrike                Air            9%         N/A       54%         4
 Dispel Undead            Necr           12%        3d9       54%         4
 Summon Lightning Spire   Summ/Air       18%        N/A       54%         4
 Starburst                Conj/Fire      29%        6d9       58%         6
 Simulacrum               Ice/Necr       9%         N/A       100%        6
 Maxwell's Capacitive Co  Air            9%         ∞         100%        8
 Sublimation of Blood     Necr           Unusable   N/A       N/A         2

Dungeon Overview and Level Annotations

Branches:
Dungeon (13/15)            Temple (1/1) D:5            Lair (6/6) D:9
 Shoals (0/4) Lair:4        Snake (2/4) Lair:2        Slime (0/5) Lair:5
    Orc (2/2) D:9             Elf (0/3) Orc:2
 Vaults: D:13-14

Altars:
Ashenzari
Cheibriados
Dithmenos
Elyvilon
Fedhas
Gozag
Hepliaklqana
Kikubaaqudgha
Makhleb
Nemelex Xobeh
Okawaru
Qazlal
Ru
Sif Muna
Trog
Uskayaw
Vehumet
Wu Jian
Xom
Yredelemnul
Zin
The Shining One
Beogh

Shops:
D:1 =   D:8 [   D:9 *   D:11 *   Orc:1 ?   Orc:2 **(:=   Snake:1 =

Annotations:
D:13 Frances
Lair:6 3 runed translucent doors, Artemis2's ghost, journeyman MiFi; Name63's ghost, journeyman FeTm; Sobaton's ghost, journeyman MiFi; mistmaker's ghost, journeyman MiBe


Innate Abilities, Weirdness & Mutations

You are immune to sickness and miasma.
Your stone body is resilient. (AC +11)
You are immune to poison.
Your large and strong wings let you fly.
You resist negative energy. (rN+)
You are resistant to electric shocks. (rElec)
You are resistant to unholy torment.
You are immune to petrification.


Message History

The naga mage closely misses you.
You feel better.
You feel less invigorated. The black mamba barely misses you.
The naga mage hits you from afar with a +0 spear!
* * * LOW HITPOINT WARNING * * *
The naga warrior hits you but does no damage.
The naga warrior constricts you.
* * * LOW HITPOINT WARNING * * *
You block the black mamba's attack.
You feel better.
The naga mage hits you but does no damage.
The black mamba bites you but does no damage.
The naga warrior closely misses you. The naga warrior constricts you.
The naga mage barely misses you. You block the black mamba's attack.
Casting: Stone Arrow (safe; 1% risk of failure)
Confirm with . or Enter, or press ? or * to list all spells.
Aiming: Stone Arrow (safe; 1% risk of failure)
Press: ? - help, Shift-Dir - straight line, f/p - black mamba
Aim: a black mamba (heavily wounded, concentrated venom, 63% to hit)
You feel a surge of power!
The stone arrow misses the black mamba.
The black mamba barely misses you. The naga mage barely misses you.
The naga warrior hits you with a +0 flail.
* * * LOW HITPOINT WARNING * * *
The naga warrior constricts you.
Casting: Stone Arrow (safe; 1% risk of failure)
Confirm with . or Enter, or press ? or * to list all spells.
Aiming: Stone Arrow (safe; 1% risk of failure)
Press: ? - help, Shift-Dir - straight line, f/p - black mamba
Aim: a black mamba (heavily wounded, concentrated venom, 63% to hit)
You feel a surge of power!
The stone arrow hits the black mamba!!
You kill the black mamba!
The naga mage hits you from afar with a +0 spear!
* * * LOW HITPOINT WARNING * * *
The naga warrior spits poison at you.
The splash of poison hits you but does no damage.
You resist. The naga warrior constricts you. You block the naga mage's attack.
You feel better. The naga mage spits poison at you.
You block the splash of poison.
The naga warrior hits you with a +0 flail!
You die...

##### #[)@#
#... ####.N.#
... . ##....N.#
..♣.. #......##
..... ##....§.#
.!.# #.....###
.########.#..∩#
....S..#S.#...
..........##.#


You could see a naga warrior (catching breath) and a naga mage (fast, strong,
catching breath).

Vanquished Creatures
  Agnes (Snake:1)
  Fannar (Lair:3)
  Josephine (D:10)
  4 boulder beetles
  12 hydras
  3 catoblepae
  4 two-headed ogres
  5 death yaks (Lair:4)
  2 orc high priests (Orc:2)
  A naga sharpshooter (Snake:1)
  A shock serpent (Snake:1)
  Sonja (D:12)
  A flayed ghost (D:9)
  A lindwurm (Lair:6)
  4 orc knights (Orc:2)
  6 deep elf pyromancers
  5 deep elf zephyrmancers (Orc:1)
  A mana viper (Snake:2)
  5 orc sorcerers (Orc:2)
  2 manticores (Lair:6)
  A merfolk siren (Lair:4)
  A cyclops (D:12)
  11 black mambas
  A guardian serpent (Snake:1)
  4 elephants (Lair:3)
  A torpor snail (Lair:6)
  A gargoyle (D:12)
  10 cane toads
  Psyche (D:8)
  4 rime drakes
  A tengu conjurer (D:8)
  7 komodo dragons
  3 merfolk (Lair:4)
  3 trolls
  4 polar bears
  A hornet (D:10)
  10 blink frogs
  2 dream sheep (Lair:4)
  Prince Ribbit (D:6)
  7 wyverns
  5 wraiths
  54 yaks
  A vampire (D:11)
  6 basilisks
  3 fire elementals
  2 steam dragons
  3 wargs (Orc:1)
  A naga (Snake:1)
  An acid dragon (D:12)
  17 water moccasins
  Duvessa (D:4)
  3 black bears
  17 orc warriors
  2 ice beasts
  2 necrophages
  6 ogres
  2 centaurs
  A phantom (D:5)
  5 wolves (Lair:5)
  3 kobold brigands
  10 bullfrogs
  A gnoll sergeant (D:9)
  A scorpion (D:6)
  A wyvern skeleton (D:7)
  Dowan (D:4)
  7 killer bees
  10 wights
  An electric eel (Lair:5)
  4 howler monkeys
  A lava snake (Lair:5)
  A bullfrog zombie (D:6)
  A centaur zombie (D:8)
  15 orc priests
  A bullfrog skeleton (D:7)
  4 hounds
  Crazy Yiuf (D:7)
  A gnoll shaman (D:8)
  A jelly (D:5)
  Jessica (D:3)
  2 iguanas
  Natasha (thrice) (D:3)
  25 orc wizards
  A howler monkey zombie (D:6)
  7 gnolls
  8 adders
  2 shadow imps (D:6)
  3 white imps
  2 ufetubi (D:5)
  An adder skeleton (D:5)
  A worm (D:2)
  2 dart slugs
  81 orcs
  8 ball pythons
  10 endoplasms
  4 giant cockroaches
  12 hobgoblins
  4 jackals (D:1)
  29 kobolds
  5 quokkas
  6 bats
  2 frilled lizards
  10 goblins
  6 rats
567 creatures vanquished.

Vanquished Creatures (collateral kills)
  2 dream sheep (Lair:4)
  A water moccasin (Lair:4)
3 creatures vanquished.

Vanquished Creatures (others)
  15 fungi
  43 plants
58 creatures vanquished.

Grand Total: 628 creatures vanquished

Notes
Turn   | Place    | Note
-------+----------+-------------------------------------------
     0 | D:1      | Kaptain the Gargoyle Earth Elementalist began the quest for
                  | the Orb.
     0 | D:1      | Reached XP level 1. HP: 10/10 MP: 3/3
   165 | D:1      | Reached XP level 2. HP: 5/16 MP: 0/5
   494 | D:1      | Found a faded altar of an unknown god.
   841 | D:1      | Reached skill level 1 in Fighting
   841 | D:1      | Reached skill level 1 in Conjurations
   879 | D:1      | Found Goeqozusch's Jewellery Shoppe.
   907 | D:1      | Reached XP level 3. HP: 20/20 MP: 4/6
  1453 | D:2      | Reached skill level 4 in Earth Magic
  1725 | D:2      | Reached XP level 4. HP: 25/25 MP: 4/7
  2408 | D:3      | Noticed Natasha
  2412 | D:3      | Killed Natasha
  2413 | D:3      | Reached skill level 1 in Armour
  2543 | D:3      | Found a hide-covered altar of Uskayaw.
  2614 | D:3      | You fall into a shaft and drop 2 floors!
  2614 | D:5      | Entered Level 5 of the Dungeon
  2614 | D:5      | Found a staircase to the Ecumenical Temple.
  2619 | D:5      | Reached XP level 5. HP: 26/30 MP: 4/9
  2698 | Temple   | Entered the Ecumenical Temple
  2904 | D:5      | Found an ancient bone altar of Kikubaaqudgha.
  2938 | D:5      | Noticed a phantom
  2954 | D:5      | Learned a level 3 spell: Stone Arrow
  2961 | D:5      | Noticed a black bear
  2968 | D:5      | Identified the +10 trident "Zuesuuxi" {vorpal, Str+2}
  2983 | D:5      | Killed a black bear
  2984 | D:5      | Reached XP level 6. HP: 36/36 MP: 3/10
  3207 | D:5      | Reached skill level 5 in Earth Magic
  3357 | D:5      | Found a faded altar of an unknown god.
  3357 | D:5      | Found a faded altar of an unknown god.
  3362 | D:5      | Found a sacrificial altar of Ru.
  3365 | D:5      | Found a shimmering blue altar of Sif Muna.
  3366 | D:5      | Found a hazy altar of Hepliaklqana.
  3469 | D:5      | Reached XP level 7. HP: 41/41 MP: 12/12
  3801 | D:3      | Noticed Natasha
  3805 | D:3      | Killed Natasha
  3850 | D:3      | Noticed Jessica
  3852 | D:3      | Killed Jessica
  4290 | D:3      | Noticed Natasha
  4293 | D:3      | Killed Natasha
  4702 | D:4      | Noticed Duvessa
  4702 | D:4      | Noticed Dowan
  4726 | D:4      | Killed Duvessa
  4727 | D:4      | Reached XP level 8. HP: 27/48 MP: 1/14
  4734 | D:4      | Killed Dowan
  4991 | D:4      | Found a bloodstained altar of Trog.
  5428 | D:5      | Reached skill level 6 in Earth Magic
  5610 | D:5      | Found a snail-covered altar of Cheibriados.
  6455 | D:6      | Noticed Prince Ribbit
  6469 | D:6      | Killed Prince Ribbit
  6470 | D:6      | Reached skill level 1 in Staves
  6704 | D:6      | Reached skill level 5 in Fighting
  6704 | D:6      | Reached skill level 5 in Conjurations
  7455 | D:6      | Reached XP level 9. HP: 54/54 MP: 12/16
  7835 | D:7      | Found a radiant altar of Vehumet.
  7942 | D:7      | Reached skill level 7 in Earth Magic
  8030 | D:7      | Reached skill level 5 in Spellcasting
  8081 | D:7      | Found a runed translucent door.
  8082 | D:7      | Noticed Crazy Yiuf
  8086 | D:7      | Killed Crazy Yiuf
  8366 | D:7      | Noticed a two-headed ogre
  8373 | D:7      | Killed a two-headed ogre
  8524 | D:7      | Found a blossoming altar of Fedhas.
  8778 | D:7      | Found a glowing silver altar of Zin.
  9059 | D:8      | Reached skill level 8 in Earth Magic
  9061 | D:8      | Reached XP level 10. HP: 61/61 MP: 8/18
  9318 | D:8      | Noticed Psyche
  9324 | D:8      | Killed Psyche
  9481 | D:8      | Found Imnaack's Antique Armour Emporium.
  9643 | D:8      | Identified the +0 robe of the Gardener {rN+ Str+2}
  9746 | D:8      | Noticed a deep elf pyromancer
  9752 | D:8      | Killed a deep elf pyromancer
  9752 | D:8      | Noticed a boulder beetle
 10399 | D:8      | Killed a boulder beetle
 10400 | D:8      | Reached skill level 9 in Earth Magic
 10415 | D:8      | Reached skill level 1 in Evocations
 10966 | D:9      | Reached skill level 5 in Armour
 11098 | D:9      | Found a staircase to the Orcish Mines.
 11144 | D:9      | Found a staircase to the Lair.
 11174 | D:9      | Reached XP level 11. HP: 46/67 MP: 14/21
 11876 | D:9      | Noticed a flayed ghost
 11885 | D:9      | Killed a flayed ghost
 12241 | D:9      | Reached skill level 1 in Shields
 12403 | D:9      | Noticed a two-headed ogre
 12410 | D:9      | Killed a two-headed ogre
 12677 | D:9      | Found Zasarghu's Assorted Antiques.
 12753 | Lair:1   | Entered Level 1 of the Lair of Beasts
 13118 | Lair:1   | Reached skill level 10 in Earth Magic
 13347 | Lair:1   | Found a transporter.
 13349 | Lair:1   | Found a transporter.
 13349 | Lair:1   | Noticed a boulder beetle
 13532 | Lair:1   | Learned a level 4 spell: Sticky Flame
 13835 | Lair:1   | Noticed a five-headed hydra
 13839 | Lair:1   | Killed a five-headed hydra
 14049 | Lair:1   | Killed a boulder beetle
 14050 | Lair:1   | Reached XP level 12. HP: 67/75 MP: 4/23
 14195 | Lair:2   | You fall into a shaft and drop 2 floors!
 14195 | Lair:4   | Noticed an eight-headed hydra
 14195 | Lair:4   | Noticed a six-headed hydra
 14361 | Lair:4   | Killed an eight-headed hydra
 14622 | Lair:4   | Noticed a five-headed hydra
 14635 | Lair:4   | Killed a five-headed hydra
 14958 | Lair:3   | Reached skill level 5 in Stealth
 14974 | Lair:3   | Reached skill level 5 in Staves
 15178 | Lair:3   | Noticed Fannar
 15184 | Lair:3   | Killed Fannar
 15482 | Lair:3   | Reached skill level 11 in Earth Magic
 16141 | Lair:3   | Noticed a five-headed hydra
 16147 | Lair:3   | Killed a five-headed hydra
 16259 | Lair:3   | Noticed a seven-headed hydra
 16277 | Lair:3   | Killed a seven-headed hydra
 16278 | Lair:3   | Reached XP level 13. HP: 82/82 MP: 10/25
 16545 | Lair:3   | Reached skill level 10 in Conjurations
 16772 | Lair:3   | Reached skill level 10 in Fighting
 18024 | Lair:4   | Found a staircase to the Shoals.
 19498 | Lair:4   | Reached skill level 12 in Earth Magic
 19950 | Lair:5   | Found a staircase to the Slime Pits.
 20313 | Lair:6   | Entered Level 6 of the Lair of Beasts
 20861 | Lair:6   | Reached skill level 5 in Shields
 21840 | Lair:6   | Gained mutation: Your large and strong wings let you fly.
                  | [Gargoyle growth]
 21840 | Lair:6   | Reached XP level 14. HP: 88/88 MP: 27/27
 22652 | Lair:6   | Identified the ring of the Lion {rPois rF+ rCorr Dex+3}
 22841 | Lair:6   | Found a runed translucent gate.
 22842 | Lair:6   | Found a runed translucent gate.
 22845 | Lair:6   | Found a runed translucent gate.
 22845 | Lair:6   | Noticed mistmaker's ghost (journeyman MiBe)
 22845 | Lair:6   | Noticed Name63's ghost (journeyman FeTm)
 22845 | Lair:6   | Noticed Sobaton's ghost (journeyman MiFi)
 22845 | Lair:6   | Noticed Artemis2's ghost (journeyman MiFi)
 23440 | Lair:2   | Found a staircase to the Snake Pit.
 23548 | Lair:2   | Reached skill level 5 in Evocations
 23938 | Lair:2   | Reached skill level 10 in Spellcasting
 24595 | Orc:1    | Entered Level 1 of the Orcish Mines
 24836 | Orc:1    | Reached skill level 13 in Earth Magic
 25609 | Orc:2    | Entered Level 2 of the Orcish Mines
 25609 | Orc:2    | Found a staircase to the Elven Halls.
 26292 | Orc:2    | Found Qurgheosk's General Store.
 26583 | Orc:2    | Found Hieh's Assorted Antiques.
 26810 | Orc:1    | Found Ethodal's Magic Scroll Boutique.
 26956 | Orc:1    | Bought a scroll of identify for 34 gold pieces
 26956 | Orc:1    | Bought a scroll of magic mapping for 59 gold pieces
 27955 | Orc:2    | Found Jeplyj's Book Shop.
 27961 | Orc:2    | Bought a book of Conjurations for 240 gold pieces
 27966 | Orc:2    | Learned a level 4 spell: Fulminant Prism
 27971 | Orc:2    | Learned a level 4 spell: Iskenderun's Mystic Blast
 28071 | Orc:2    | Found Hugij's Jewellery Shop.
 28073 | Orc:2    | Found Puvum's Weapon Shoppe.
 28168 | D:10     | Entered Level 10 of the Dungeon
 28702 | D:10     | Noticed Josephine
 28707 | D:10     | Killed Josephine
 28708 | D:10     | Reached XP level 15. HP: 96/96 MP: 20/29
 28952 | D:10     | Identified the +3 scale mail "Bitseper" {+Blink Str-3 Dex+2
                  | SInv}
 29904 | D:11     | Found Seureb's General Store.
 30168 | D:11     | Found an opulent altar of Gozag.
 30790 | D:12     | Noticed Sonja
 30796 | D:12     | Killed Sonja
 31636 | D:13     | Noticed Frances
 31896 | Snake:1  | Entered Level 1 of the Snake Pit
 31896 | Snake:1  | You are sucked into a shaft and drop 1 floor!
 32003 | Snake:1  | Reached skill level 14 in Earth Magic
 32007 | Snake:1  | Noticed Agnes
 32018 | Snake:1  | Identified the +0 pair of gloves "Ipahuoch" {*Slow rF++
                  | Str+4 Dex+3}
 32026 | Snake:1  | Found Joduorr's Jewellery Shoppe.
 32038 | Snake:1  | HP: 3/97 [Agnes/+2 spectral lajatang (22)]
 32040 | Snake:1  | Killed Agnes
 32061 | Snake:1  | HP: 1/97 [naga mage/+0 spear (17)]
 32062 | Snake:1  | Slain by a naga warrior

Illustrated notes

Levels and vault maps discovered:
D:1:      minmay_arrival_five_plusses, layout_basic,
          hellmonk_ecumenical_altar_arch_garden, serial_shops,
          nicolae_lakefront_shop
D:2:      layout_loops_ring
D:3:      layout_loops_ring, nicolae_uskayaw_suspiria, serial_aquarium,
          aquarium_bridge_square [aquarium_subvault_bridge,
          aquarium_subvault_bridge, aquarium_subvault_window,
          aquarium_subvault_bridge], aquarium_window_corner, aquarium_window_2,
          aquarium_window_2, aquarium_window_3, aquarium_view_2e,
          aquarium_view_2b, uniq_natasha, uniq_jessica
D:4:      nicolae_cairo_tiling_very_big, layout_gridville, trog_book,
          nicolae_elevator_lobby_plus, uniq_duvessa
D:5:      layout_basic, mainiacjoe_overflow_large_starburst,
          chequers_temple_overflow_minitemple, minmay_temple_entry_proselytizer,
          kennysheep_pointless_box, kennysheep_generic_room_13
D:6:      corexii_shantytown, layout_basic, gup_sewer_entry_bowl,
          uniq_prince_ribbit1
D:7:      layout_loops_ring, fedhas_altar_1, mainiacjoe_overflow_paths,
          marbit_many_paths, uniq_crazy_yiuf_cottage
D:8:      layout_basic, serial_shops, nicolae_shop_advertising_works
          [nicolae_subvault_shop_adworks], dilly_guarded_unrand_elemental_staff,
          uniq_psyche
D:9:      layout_layer_cave, minmay_lair_entry_grove, orc_0_dummy, serial_shops,
          kennysheep_mini, kennysheep_just_a_vault
D:10:     layout_stronghold, uniq_josephine
D:11:     layout_small_grid, serial_shops, shop, grunt_gozag_breadcrumbs
D:12:     layout_basic, uniq_sonja
D:13:     layout_cave_pods, erik_vaults_1, special_room [special_room_orc],
          uniq_frances, uniq_kirke, uniq_jorgrun, uniq_rupert
Temple:   minmay_temple_bridge_abc
Lair:1:   gammafunk_boulding_lane, layout_chaotic_city
Lair:2:   layout_cave_pods, guppyfry_snake_entry_island
Lair:3:   nzn_winding_woodlands_cross [nzn_winding_woodlands_5x15_jagged,
          nzn_winding_woodlands_5x15_garden,
          nzn_winding_woodlands_5x15_lazy_stream,
          nzn_winding_woodlands_5x15_zeroes,
          nzn_winding_woodlands_15x15_boxy_spiral], layout_cave_pods,
          serial_forest, infiniplex_forest_corner_1, infiniplex_forest_end_2,
          infiniplex_forest_clump_double, infiniplex_forest_lined_1,
          infiniplex_forest_straight_1, uniq_fannar
Lair:4:   layout_roguey, elwin_shoals_entry_stream, grunt_megastairs_5
Lair:5:   layout_gridlike, dpeg_slime_entry_corner, serial_bayou_shore_a,
          grunt_megastairs_1, lemuel_fruit_fields, infiniplex_staircase_pool
Lair:6:   wormcave, layout_cave_pods, hangedman_lair_in_review,
          gammafunk_ghost_cemetery, lemuel_fruit_tree
Snake:1:  layout_misc_corridors, serial_shops, shop, nicolae_snake_double_loop,
          drop_trap, minmay_shop_star, grunt_megastairs_3, uniq_agnes,
          uniq_aizul
Snake:2:  layout_cave_town, portal_ice_cave_entry_ice_statue_one
Orc:1:    nicolae_orc_accident_2, layout_diamond_mine, basic_altar,
          serial_shops, nicolae_shop_stone, elves_outpost_lemuel
Orc:2:    st_orc_elflike, layout_caves, serial_shops, shop, mines2_david

Skill      XL: |  1  2  3  4  5  6  7  8  9 10 11 12 13 14 15 |
---------------+----------------------------------------------+-----
Fighting       | 1 2 3 4 5 6 7 8 9 10 12 | 12.5
Conjurations   | 1 2 3 4 5 6 7 8 9 11 12 | 12.5
Earth Magic    | 4 5 6 8 9 10 11 12 13 14 | 14.0
Armour         | 1 2 3 4 5 6 7 8 9 |  9.0
Dodging        | 2 3 4 |  4.1
Spellcasting   | 3 4 5 6 7 8 9 10 | 10.9
Staves         | 1 2 3 4 5 6 7 |  7.5
Evocations     | 1 2 3 4 5 |  5.0
Stealth        | 3 4 5 |  5.0
Shields        | 2 3 5 |  5.0
Transmutations | |  0.7

Action                   |  1- 3 |  4- 6 |  7- 9 | 10-12 | 13-15 || total
-------------------------+-------+-------+-------+-------+-------++-------
Melee: Unarmed           |    27 |       |       |       |       ||    27
       Short sword       |    11 |    15 |       |       |       ||    26
       Spear             |    11 |       |       |       |       ||    11
       Trident           |       |    10 |    76 |    37 |       ||   123
       Staff             |       |       |       |   128 |    78 ||   206
 Cast: Sandblast         |    46 |    20 |    72 |    52 |    95 ||   285
       Stone Arrow       |       |     5 |    73 |   206 |   591 ||   875
       Sticky Flame      |       |       |       |     1 |       ||     1
Evoke: Wand              |       |       |       |     2 |     2 ||     4
  Use: Scroll            |       |       |    12 |    15 |    13 ||    40
       Potion            |       |       |       |     2 |    17 ||    19
 Stab: Sleeping          |       |     1 |     5 |       |       ||     6
       Paralysed         |       |       |       |       |     5 ||     5
Armor: Leather armour    |    35 |    16 |    21 |       |       ||    72
       Robe              |     1 |       |    28 |   221 |   318 ||   568
Dodge: Dodged            |    61 |    24 |    74 |   178 |   305 ||   642
Block: Buckler           |       |       |       |    35 |   108 ||   143
